 Dungeon Crawl Stone Soup version 0.14-a0-1626-g054e7ae (webtiles) character file.

641 M4edhros the Covert (level 7, 0/43 HPs)
             Began as an Octopode Artificer on Dec 26, 2013.
             Was a Follower of Fedhas.
             Slain by a centaur (9 damage)
             ... on Level 5 of the Dungeon.
             The game lasted 00:06:38 (3394 turns).

M4edhros the Covert (Octopode Artificer)            Turns: 3394, Time: 00:06:38

HP   0/43        AC  1     Str 11      XL: 7   Next:  0%
MP  11/11        EV 12     Int 16      God: Fedhas [*.....]
Gold 210         SH  0     Dex 12      Spells:  0 memorised,  6 levels left

rFire  . . .     SeeInvis .     p - +1,+0 cutlass
rCold  . . .     Clarity  .     (no shield)
rNeg   . . .     Conserve .     (helmet restricted)
rPois  +         rCorr    .     (no amulet)
rElec  .         rRot     .     k - ring of poison resistance
SustAb . .       Spirit   .     (no ring)
rMut   .         Warding  .     (no ring)
Saprov . . .     Stasis   .     (no ring)
                                (no ring)
                                (no ring)
                                (no ring)
                                (no ring)

@: slightly resistant to hostile enchantments, extremely stealthy
A: almost no armour, amphibious, 8 rings, constrict 8, camouflage 1, gelatinous
body 1
a: Evolution, Renounce Religion


You were on level 5 of the Dungeon.
You worshipped Fedhas.
Fedhas was aware of your devotion.
You were hungry.

You visited 2 branches of the dungeon, and saw 6 of its levels.

You collected 210 gold pieces.

Inventory:

Hand weapons
 a - a +0,+0 short sword
 p - a +1,+0 cutlass (weapon)
Magical devices
 b - a wand of flame (4)
 c - a wand of enslavement (12)
 d - a wand of random effects (12)
Comestibles
 f - 4 bread rations
 h - 4 chokos
 i - 10 grapes
 l - 2 meat rations
Scrolls
 g - a scroll of fear {unknown}
 j - a scroll of enchant weapon I {unknown}
 m - 3 scrolls of teleportation {unknown}
 n - 2 scrolls of fog {unknown}
 o - a scroll of random uselessness {unknown}
 q - a scroll of noise {unknown}
 r - a scroll of blinking {unknown}
 s - a scroll of immolation {unknown}
 t - a scroll of remove curse {unknown}
 x - a scroll of recharging
Jewellery
 k - a ring of poison resistance (left tentacle)
 v - an uncursed amulet of warding {unknown}
Potions
 e - a potion of resistance
 u - a potion of might {unknown}
 w - a potion of lignification {unknown}


   Skills:
 - Level 1.0 Fighting
 - Level 1.0 Short Blades
 - Level 2.0 Dodging
 + Level 8.9 Stealth
 * Level 3.1 Invocations
 - Level 3.2 Evocations


You had 6 spell levels left.
You didn't know any spells.

Dungeon Overview and Level Annotations

Branches:
Dungeon (5/16)             Temple (1/1) D:4

Altars:
Ashenzari
Cheibriados
Elyvilon
Fedhas
Kikubaaqudgha
Nemelex Xobeh
Okawaru
Sif Muna
Trog
Vehumet
Xom
Yredelemnul
the Shining One


Innate Abilities, Weirdness & Mutations

You cannot wear most types of armour.
You are amphibious.
You can wear up to eight rings at the same time.
You can use your tentacles to constrict many enemies at once.
Your skin changes colour to match your surroundings (Stlth).
Your rubbery body absorbs attacks (AC +1).


Message History

You hit the centaur but do no damage. Your squeeze misses the centaur.
The centaur is severely wounded.
The centaur hits you! The centaur closely misses you.
You hit the centaur but do no damage.
The centaur is severely wounded.
The centaur hits you!
* * * LOW HITPOINT WARNING * * *
The centaur hits you.
* * * LOW HITPOINT WARNING * * *
Drink which item? (? for menu, Esc to quit)
Okay, then.
Evoke which item? (* to show all) (? for menu, Esc to quit)
Zapping:
b - a wand of flame (5)
Press: ? - help, Shift-Dir - straight line, f - centaur
Aim: a centaur (severely wounded)
The puff of flame hits the centaur.
The centaur is severely wounded.
This wand has 4 charges left.
The centaur hits you!
You die...
Fedhas appreciates your contribution to the ecosystem.

#.# . .#.#
.. .#.##
..#...#
.#...# .
....# ....
#...# .....
#c..# ......
#@.# ......
#..#
.......##..#
[..........#
........ff.#
....>...<..#
..####.#..##
#.#..#
......


You could see a centaur and 2 friendly wandering mushrooms.

Vanquished Creatures
  A crimson imp (D:3)
  A worker ant (D:3)
  An orc wizard (D:3)
  6 adders
  3 gnolls (D:2)
  A worm (D:4)
  An ooze (D:2)
  4 orcs (D:3)
  2 ball pythons
  6 bats
  4 giant cockroaches
  16 goblins
  7 hobgoblins
  10 kobolds
  2 quokkas
  2 giant geckos
  2 giant newts
  A hobgoblin skeleton (D:4)
  A kobold skeleton (D:4)
  An orc skeleton (D:4)
  9 rats
81 creatures vanquished.

Vanquished Creatures (collateral kills)
  Prince Ribbit (D:4)
  Edmund (D:4)
2 creatures vanquished.

Vanquished Creatures (others)
  A hobgoblin (D:5)
  27 toadstools
28 creatures vanquished.

Grand Total: 111 creatures vanquished

Notes
Turn   | Place    | Note
--------------------------------------------------------------
     0 | D:1      | M4edhros, the Octopode Artificer, began the quest for the Orb.
     0 | D:1      | Reached XP level 1. HP: 13/13 MP: 1/1
    91 | D:1      | Reached XP level 2. HP: 8/18 MP: 3/3
   566 | D:1      | Reached skill level 4 in Stealth
   676 | D:1      | Reached XP level 3. HP: 23/23 MP: 4/4
   806 | D:3      | Reached skill level 5 in Stealth
   852 | D:3      | Reached XP level 4. HP: 28/28 MP: 6/6
   963 | D:4      | Noticed Prince Ribbit
  1403 | D:4      | Reached skill level 6 in Stealth
  1637 | D:4      | Found a staircase to the Ecumenical Temple.
  1690 | Temple   | Entered the Ecumenical Temple
  1728 | Temple   | Became a worshipper of Fedhas Madash
  1937 | D:4      | Noticed Edmund
  2557 | D:2      | Reached XP level 5. HP: 25/33 MP: 7/7
  2583 | D:2      | Found a radiant altar of Vehumet.
  2600 | D:2      | Reached skill level 7 in Stealth
  2872 | D:3      | Reached skill level 8 in Stealth
  2941 | D:3      | Acquired Fedhas' first power
  3024 | D:3      | Reached XP level 6. HP: 26/38 MP: 9/9
  3150 | D:4      | Killed Edmund
  3150 | D:4      | Reached skill level 1 in Invocations
  3217 | D:4      | Killed Prince Ribbit
  3352 | D:4      | Reached XP level 7. HP: 39/43 MP: 11/11
  3382 | D:5      | Entered Level 5 of the Dungeon
  3394 | D:5      | Slain by a centaur

Action                   |  1- 3 |  4- 6 |  7- 9 || total
-------------------------+-------+-------+-------++-------
Melee: Short sword       |    74 |    29 |       ||   103
       Cutlass           |       |    71 |     4 ||    75
Invok: Evolution         |       |     2 |       ||     2
Evoke: Wand              |     1 |    15 |     1 ||    17
  Use: Potion            |     2 |     1 |       ||     3
 Stab: Sleeping          |     8 |    12 |     1 ||    21
